AoeStats
← speed demon

Arena

509663499Analyzed
2v2 RM · 3d ago on Sep 27, 2026· 23m 53s· 4 players
Game mode
Random Map
Map size
Medium (4 player)
Population
200
Speed
Normal
Resources
Standard
Victory
Conquest
Starting age
Dark Age
Ending age
Imperial Age
RankedLock teamsTeams togetherTeam positionsShared explorationLock speedFull tech treeHidden civsTurbo modeCheats
Victory
Defeat
🇹🇷 Teutons · Türkiye
1468
+9
🇩🇪 Shu · Germany
1404
+11
🇮🇳 Romans · India
1302
-10
🇮🇳 Khmer · India
1302
-10
Arda Asar
4:42 Loom
10:31 Feudal Age
11:06 Town Watch
11:56 Fletching
13:19 Horse Collar
13:25 Double-Bit Axe
18:58 Forging
18:53 Scale Barding Armor
20:45 Wheelbarrow
23:32 Bloodlines
Unimpressed
11:15 Feudal Age
15:14 Castle Age
13:21 Double-Bit Axe
14:17 Fletching
14:36 Horse Collar
16:02 Bodkin Arrow
15:53 Crossbowman
19:30 Loom
20:35 Bow Saw
22:05 Padded Archer Armor
22:51 Ballistics
23:58 Thumb Ring
24:16 Heavy Plow
GRIM REAPER
9:59 Feudal Age
13:44 Castle Age
12:25 Double-Bit Axe
14:22 Loom
speed demon
4:52 Loom
5:09 Loom
10:16 Feudal Age
10:41 Feudal Age
13:57 Castle Age
12:41 Double-Bit Axe
13:15 Scale Barding Armor
Connection lost

Rejoining the realm…

Still unreachable

The connection could not be restored.

Session expired

The server has moved on; the page needs a fresh start.